 Dungeon Crawl Stone Soup version 0.18-a0-1514-g6ed9364 (webtiles) character file.

266 GrosslyIncandescent the Insei (level 6, 0/48 HPs)
             Began as a Mummy Monk on Mar 6, 2016.
             Slain by an ogre
             ... wielding a +0 giant club
              (22 damage)
             ... on level 4 of the Dungeon.
             The game lasted 00:10:00 (10473 turns).

GrosslyIncandescent the Insei (Mummy Monk)         Turns: 10473, Time: 00:10:00

Health: 0/48       AC:  0    Str: 14    XL:     6   Next: 0%
Magic:  6/6        EV: 14    Int: 10    God:
Gold:   249        SH:  0    Dex: 16    Spells: 0 memorised, 5 levels left

rFire  x . .     SeeInvis .       - Unarmed
rCold  + . .     Gourm    .     (no armour)
rNeg   + + +     Faith    .     (no shield)
rPois  ∞         Spirit   .     (no helmet)
rElec  .         Dismiss  .     (no cloak)
rCorr  .         Reflect  .     (no gloves)
SustAt .         Harm     .     (no boots)
MR     .....                    (no amulet)
Stlth  ++........               (no ring)
                                (no ring)

@: not resistant to hostile enchantments, unstealthy
A: no food or potions, fire vulnerability, cold resistance 1, negative energy
resistance 3, torment resistance, unbreathing
a: no special abilities


You were on level 4 of the Dungeon.
You were not hungry.

You visited 1 branch of the dungeon, and saw 4 of its levels.

You collected 249 gold pieces.


Innate Abilities, Weirdness & Mutations

You do not eat or drink.
Your flesh is vulnerable to fire.
You are immune to poison.
Your flesh is cold resistant.
You are immune to negative energy.
You are immune to unholy pain and torment.
You can survive without breathing.


   Skills:
 - Level 4.0 Fighting
 - Level 3.6 Dodging
 - Level 1.5 Stealth
 + Level 4.8 Unarmed Combat


You had 5 spell levels left.
You didn't know any spells.

Inventory:

Wands
 i - a wand of teleportation (7/9) {!d@v4}
Scrolls
 a - a scroll of fog
 b - a scroll of noise {unknown}
 c - 4 scrolls of remove curse (quivered)
 d - a scroll of amnesia
 e - a scroll of teleportation {unknown}
 f - a scroll of immolation {!r}
 g - a scroll of recharging {unknown}
 h - a scroll of enchant weapon {unknown}
 j - a scroll of blinking {unknown}
 k - a scroll of identify {@r1}

Dungeon Overview and Level Annotations

Branches:
Dungeon (4/15)
 Temple: D:4-7

Altars:
Elyvilon
Fedhas
Nemelex Xobeh
Qazlal
Trog
Yredelemnul
The Shining One

Annotations:
D:4 exclusion: iguana

.▒▒...▒▒...▒ ..'...▒▒...▒
.▒▒...▒▒...▒▒▒ ▒▒
.▒▒▒▒'▒▒.....▒ .▒
.▒▒...▒▒.....▒ ..▒
..▒...▒▒.....▒ ..▒
..▒...▒▒+▒▒▒.▒▒▒▒▒ ..▒ ▒
..▒....▒.....▒Z..▒▒..▒..▒
..'....'...)...OM▒.......
▒▒▒▒▒▒▒▒....▒▒...'.......
▒▒▒...▒▒..(.▒▒...▒▒....▒▒
▒................▒ ...▒
▒...........▒▒...▒ ....
▒...........▒▒...▒ ...
▒▒▒▒▒▒▒▒....▒▒..... ..
▒▒...▒▒▒....▒▒....... .
▒............▒.......


You could see an ogre and a quokka skeleton.


Message History

You have reached level 6!!!
Your experience leads to an increase in your attributes!!!
Increase (S)trength, (I)ntelligence, or (D)exterity?
You feel agile!
You now have 243 gold pieces (gained 36)!
Things that are here:
a dagger; a ring mail; a kobold corpse
Found 6 gold pieces!
Found 8 tomahawks!
You now have 249 gold pieces (gained 6)!
An ogre and a skeleton come into view!
The ogre shouts!!!
There is an open door here!
There is an escape hatch in the ceiling here!
You swing at nothing!
You squash the ogre like an ant!
The ogre is lightly wounded!
You beat the ogre into a bloody pulp!
The ogre is lightly wounded!
The ogre misses you!
You beat the ogre into a bloody pulp!
The ogre is moderately wounded!
The ogre hits you with a giant club!!!!!!
DANG * * * don't die
* * * You barely miss the quokka skeleton!
The ogre closely misses you! The quokka skeleton closely misses you!
The quokka skeleton closely misses you!
The ogre hits you with a giant club!!!!!! rip

Action                   |  1- 3 |  4- 6 || total
-------------------------+-------+-------++-------
Melee: Unarmed           |   156 |   364 ||   520
  Use: Scroll            |       |     4 ||     4
 Stab: Sleeping          |     6 |     4 ||    10
       Distracted        |     1 |       ||     1

Vault maps used:
D:1:      scummos_arrival_gate, hangedman_glass_teeth, nemelex_altar_shiori
D:2:      bloody_trog, fedhas_altar_3, lemuel_doored_altar
D:3:      kennysheep_ying_yang, lemuel_coloured_pillars_altar, serial_glass,
          glass_columns_c, glass_columns_b, corexii_corridor_pit, kennysheep_nub
D:4:      minmay_temple_entry_nine_rooms, first_bread

Notes
Turn   | Place    | Note
--------------------------------------------------------------
     0 | D:1      | GrosslyIncandescent the Mummy Monk began the quest for the Orb.
     0 | D:1      | Reached XP level 1. HP: 18/18 MP: 1/1
   293 | D:1      | Reached XP level 2. HP: 14/24 MP: 2/2
   984 | D:1      | Reached skill level 4 in Unarmed Combat
  1362 | D:1      | Found a sparkling altar of Nemelex Xobeh.
  1398 | D:1      | Reached XP level 3. HP: 14/29 MP: 3/3
  2040 | D:2      | Found a blossoming altar of Fedhas.
  2074 | D:2      | Found a glowing golden altar of the Shining One.
  2176 | D:2      | Found a bloodstained altar of Trog.
  2305 | D:2      | HP: 3/30 [worm (12)]
  2611 | D:2      | Reached skill level 4 in Fighting
  2611 | D:2      | Reached XP level 4. HP: 32/37 MP: 4/4
  3487 | D:2      | Reached skill level 3 in Dodging
  4600 | D:1      | HP: 3/37 [orc/hand axe (5)]
  5185 | D:3      | Reached XP level 5. HP: 21/42 MP: 5/5
  5377 | D:3      | Found a white marble altar of Elyvilon.
  5588 | D:3      | Found a stormy altar of Qazlal.
  6000 | D:3      | Found a basalt altar of Yredelemnul.
  6416 | D:2      | Found a blossoming altar of Fedhas.
  6445 | D:2      | Found a glowing golden altar of the Shining One.
  6536 | D:2      | Found a bloodstained altar of Trog.
  7377 | D:1      | Killed a basilisk
  9747 | D:1      | Noticed a hornet
  9903 | D:4      | Identified a wand of teleportation
 10435 | D:4      | Reached XP level 6. HP: 41/48 MP: 6/6
 10473 | D:4      | Slain by an ogre

Vanquished Creatures
  A crimson imp (D:2)
  A hound (D:4)
  3 gnolls (D:2)
  6 adders
  4 worms
  2 dart slugs (D:2)
  4 giant geckos
  9 orcs
  3 ball pythons
  10 bats
  10 giant cockroaches
  5 goblins
  12 hobgoblins
  9 kobolds
  A giant newt (D:1)
  10 rats
90 creatures vanquished.

Vanquished Creatures (others)
  A basilisk (D:1)
  A kobold (D:1)
  A bat (D:1)
3 creatures vanquished.

Grand Total: 93 creatures vanquished
